 Dungeon Crawl Stone Soup version 0.19-a0-1260-gc94d3f7 (webtiles) character file.

42343 st0uf the Thaumaturge (level 14, -6/82 HPs)
             Began as a Gargoyle Earth Elementalist on Aug 28, 2016.
             Was a High Priest of Vehumet.
             Mangled by a seven-headed hydra (11 damage)
             ... on level 5 of the Lair of Beasts.
             The game lasted 02:14:27 (20269 turns).

st0uf the Thaumaturge (GrEE)                       Turns: 20269, Time: 02:14:29

Health: -6/82      AC: 19    Str: 13    XL:     14   Next: 19%
Magic:  0/37       EV: 15    Int: 20    God:    Vehumet [*****.]
Gold:   873        SH:  0    Dex: 15    Spells: 8 memorised, 5 levels left

rFire  + . .     SeeInvis .     y - +9 great mace of Yredelemnul's Envy {venom, rElec rPois}
rCold  . . .     Gourm    .     P - +2 robe {rF+}
rNeg   + + .     Faith    .     (shield currently unavailable)
rPois  ∞         Spirit   +     Y - +2 hat of the Bear Spirit {Spirit, +Rage rN+ MR++}
rElec  +         Dismiss  .     I - +0 cloak
rCorr  .         Reflect  .     (no gloves)
MR     +++..     Harm     .     E - +1 pair of boots of the First Hells {rPois Dex+5}
Stlth  ++........               (no amulet)
                                u - ring of wizardry
                                K - ring of magical power

@: flying, very slightly contaminated
A: big wings, hooves 1, negative energy resistance 1, electricity resistance,
unbreathing, petrification resistance, rot immunity, AC +9
a: Stop Flying, Renounce Religion, Evoke Berserk Rage


You were on level 5 of the Lair of Beasts.
You worshipped Vehumet.
Vehumet was extremely pleased with you.
You were hungry.

You visited 3 branches of the dungeon, and saw 16 of its levels.
You also visited: Labyrinth.

You collected 1223 gold pieces.
You spent 350 gold pieces at shops.

Inventory:

Hand Weapons
 y - the +9 great mace of Yredelemnul's Envy (weapon) {venom, rElec rPois}
   (You took it off an orc on level 9 of the Dungeon)

   It poisons the flesh of those it strikes.
   It insulates you from electricity.
   It protects you from poison.
Missiles
 b - 254 stones (quivered)
Armour
 E - the +1 pair of boots of the First Hells (worn) {rPois Dex+5}
   (You found it on level 9 of the Dungeon)

   It affects your dexterity (+5).
   It protects you from poison.
 I - a +0 cloak (worn)
 P - a +2 robe of fire resistance (worn)
 Y - the +2 hat of the Bear Spirit (worn) {Spirit, +Rage rN+ MR++}
   (You found it on level 4 of the Lair of Beasts)

   It protects you from negative energy.
   It affects your resistance to hostile enchantments.
   It lets you go berserk.
Rods
 J - a +4 rod of ignition (11/11)
   (You took it off a minotaur in a labyrinth)
Jewellery
 c - an uncursed ring of protection from magic
 g - an uncursed ring of positive energy
 u - a ring of wizardry (right hand)
 K - a ring of magical power (left hand)
Wands
 F - a wand of digging (14/24)
Scrolls
 h - a scroll of random uselessness
 i - 2 scrolls of blinking {unknown}
 j - 6 scrolls of amnesia
 k - 9 scrolls of remove curse
 o - 4 scrolls of magic mapping
 p - 3 scrolls of noise {unknown}
 A - 5 scrolls of fear {unknown}
 B - 2 scrolls of enchant weapon {unknown}
 D - 5 scrolls of teleportation {unknown}
 G - 2 scrolls of enchant armour {unknown}
 N - 4 scrolls of recharging {unknown}
 W - 2 scrolls of identify
Potions
 a - 2 potions of resistance
 l - 9 potions of curing
 q - 3 potions of berserk rage
 r - 2 potions of cancellation
 s - a potion of magic
 t - a potion of heal wounds {unknown}
 x - a potion of ambrosia {unknown}
 C - 3 potions of cure mutation {unknown}
 L - a potion of flight {unknown}
 V - a potion of lignification {unknown}
 Z - 2 potions of might {unknown}
Books
 e - a book of Geomancy

   Spells                             Type                      Level
   a - Sandblast                      Earth                        1
   b - Passwall                       Transmutation/Earth          2
   c - Stone Arrow                    Conjuration/Earth            3
   d - Petrify                        Transmutation/Earth          4
   e - Lee's Rapid Deconstruction     Earth                        5
Miscellaneous
 X - a lamp of fire
Comestibles
 d - 13 bread rations
 f - 5 chunks of flesh
 Q - a meat ration


   Skills:
 + Level 7.1 Fighting
 + Level 6.5 Maces & Flails
 + Level 7.0 Armour
 + Level 5.6 Dodging
 - Level 2.1 Stealth
 * Level 10.9 Spellcasting
 + Level 8.4 Conjurations
 + Level 2.0 Charms
 - Level 0.7 Transmutations
 + Level 7.3 Fire Magic
 + Level 10.3 Earth Magic
 + Level 8.1 Poison Magic
 + Level 6.1 Evocations


You had 5 spell levels left.
You knew the following spells:

 Your Spells              Type           Power        Failure   Level  Hunger
a - Sandblast             Erth           ######       1%          1    None
b - Stone Arrow           Conj/Erth      #####.       1%          3    None
c - Lee's Rapid Deconstr  Erth           ######....   1%          5    ####...
d - Ignite Poison         Fire/Tmut/Pois ####....     1%          3    None
e - Sticky Flame          Conj/Fire      #####...     1%          4    ##.....
f - Conjure Flame         Conj/Fire      #####...     1%          3    None
g - Fireball              Conj/Fire      #####.....   1%          5    ####...
h - Iskenderun's Battles  Conj/Chrm      ####....     3%          5    ####...


Dungeon Overview and Level Annotations

Branches:
Dungeon (9/15)             Temple (1/1) D:4            Lair (6/6) D:9
  Swamp (0/4) Lair:3        Snake (0/4) Lair:4        Slime (0/5) Lair:5
    Orc: D:9-12

Altars:
Ashenzari
Cheibriados
Dithmenos
Elyvilon
Fedhas
Gozag
Hepliaklqana
Kikubaaqudgha
Makhleb
Nemelex Xobeh
Okawaru
Qazlal
Ru
Sif Muna
Trog
Uskayaw
Vehumet
Xom
Yredelemnul
Zin
The Shining One
Beogh
Jiyva

Shops:
D:5 :


Innate Abilities, Weirdness & Mutations

You are resistant to torment.
Your stone body is resilient. (AC +9)
You are immune to poison.
Your large and strong wings let you fly indefinitely.
You resist negative energy. (rN+)
You are resistant to electric shocks. (rElec)
You can survive without breathing.
You are immune to petrification.
You are immune to rotting.
You have large cloven feet.


Message History

The seven-headed hydra bites you but does no damage. x3
The seven-headed hydra burns!
The seven-headed hydra burns!
The seven-headed hydra burns!
The seven-headed hydra burns!
The seven-headed hydra burns!
The seven-headed hydra stops burning.
Casting: Sticky Flame
Confirm with . or Enter, or press ? or * to list all spells.
Aiming: Sticky Flame
Press: ? - help, Shift-Dir - straight line, f/p - seven-headed hydra
Aim: a seven-headed hydra (moderately wounded)
The sticky flame hits the seven-headed hydra.
The seven-headed hydra is heavily wounded.
The seven-headed hydra is covered in liquid flames!
The seven-headed hydra burns!
The seven-headed hydra misses you. The seven-headed hydra bites you!
* * * LOW HITPOINT WARNING * * *
The seven-headed hydra bites you but does no damage. x2
The seven-headed hydra bites you!
You die...

...#..#...................##
...####...................##
...##...##P...[............#
...#...#.#.....P.......##..#
.......#.#......#..........#
.........##.....#.......P.##
...##...###....##......PP..#
...##.#.##......#.#.#.##P..#
...(##..##......@DP...#P.P##
....###+.P............P....##
..................F.........#
..........................P##
...........................#
...........................##
..........................#.#
......................<....##
.....#..#.....P.####.#.##..##


You could see a seven-headed hydra (burning) and a spiny frog.

Vanquished Creatures
  Snorg (Lair:5)
  A minotaur (Lab)
  5 hydras
  Harold (Lair:3)
  A centaur warrior (D:9)
  A catoblepas (Lair:5)
  Erica (D:8)
  6 death yaks
  Urug (Lair:5)
  Pikel (D:5)
  6 elephants
  2 griffons
  9 black mambas
  Psyche (D:8)
  8 spiny frogs
  3 rime drakes
  2 komodo dragons (Lair:1)
  A queen bee (Lair:3)
  9 blink frogs
  5 dream sheep (Lair:5)
  A two-headed ogre (D:9)
  2 shadows (Lab)
  33 yaks
  Eustachio (D:6)
  3 basilisks
  3 wyverns
  Grum (D:8)
  6 hungry ghosts
  6 hippogriffs
  18 water moccasins
  9 porcupines
  An ice beast (D:9)
  A slave (D:5)
  2 black bears
  3 orc warriors
  A phantom (D:6)
  A necrophage (D:9)
  3 sky beasts
  5 wolves
  4 centaurs
  4 ogres
  4 crocodiles
  A big kobold (D:9)
  11 giant frogs
  An earth elemental (Lab)
  A water moccasin skeleton (D:5)
  3 scorpions
  25 killer bees
  3 wights (D:9)
  An electric eel (Lair:3)
  2 crimson imps
  2 howler monkeys
  2 giant frog skeletons
  3 giant frog zombies
  4 hounds
  A human zombie (D:9)
  A jelly (D:7)
  Crazy Yiuf (D:5)
  2 centaur skeletons
  8 orc priests
  3 orc wizards
  A human skeleton (D:9)
  6 iguanas
  5 worker ants
  A killer bee zombie (D:8)
  An ogre zombie (D:9)
  An ogre skeleton (D:9)
  3 mummies (D:9)
  3 gnolls (D:5)
  17 adders
  45 river rats
  2 shadow imps
  2 oozes
  An adder zombie (D:5)
  An adder skeleton (D:8)
  7 worms
  6 dart slugs
  6 giant geckos
  47 orcs
  6 bats
  4 giant cockroaches
  7 goblins
  9 hobgoblins
  9 jackals
  5 quokkas
  4 ball pythons
  5 giant newts
  A jackal skeleton (D:4)
  20 kobolds
  An orc skeleton (D:9)
  An orc zombie (D:9)
  11 rats
  A fungus (Lair:3)
491 creatures vanquished.

Vanquished Creatures (others)
  A worker ant (D:5)
  12 fungi
  13 plants
26 creatures vanquished.

Grand Total: 517 creatures vanquished

Notes
Turn   | Place    | Note
-------+----------+-------------------------------------------
     0 | D:1      | st0uf the Gargoyle Earth Elementalist began the quest for the Orb.
     0 | D:1      | Reached XP level 1. HP: 10/10 MP: 3/3
   173 | D:1      | Reached XP level 2. HP: 15/15 MP: 1/5
   376 | D:1      | Reached XP level 3. HP: 19/19 MP: 2/7
   856 | D:1      | Learned a level 3 spell: Stone Arrow
  1150 | D:2      | Reached XP level 4. HP: 19/24 MP: 1/9
  1499 | D:2      | Found an opulent altar of Gozag.
  2011 | D:3      | Found a sacrificial altar of Ru.
  2058 | D:3      | Reached XP level 5. HP: 26/28 MP: 6/10
  2333 | D:3      | Reached skill level 5 in Earth Magic
  2395 | D:3      | Found an iron altar of Okawaru.
  2610 | D:3      | Reached XP level 6. HP: 32/32 MP: 6/13
  2640 | D:3      | Learned a level 5 spell: Lee's Rapid Deconstruction
  3031 | D:4      | Learned a level 3 spell: Ignite Poison
  3149 | D:4      | Reached skill level 5 in Spellcasting
  3149 | D:4      | Reached skill level 1 in Poison Magic
  3206 | D:4      | Reached skill level 1 in Conjurations
  3206 | D:4      | Reached skill level 1 in Fire Magic
  3206 | D:4      | Reached XP level 7. HP: 36/36 MP: 8/14
  3482 | D:4      | Found an ancient bone altar of Kikubaaqudgha.
  4006 | D:4      | Found a staircase to the Ecumenical Temple.
  4012 | Temple   | Entered the Ecumenical Temple
  4057 | Temple   | Became a worshipper of Vehumet
  4314 | D:5      | Entered Level 5 of the Dungeon
  4344 | D:5      | Found a shimmering altar of Xom.
  4654 | D:5      | Found Ryschylid's Book Emporium.
  4667 | D:5      | Reached * piety under Vehumet
  4667 | D:5      | Offered knowledge of Flame Tongue by Vehumet.
  4825 | D:5      | Reached XP level 8. HP: 41/41 MP: 12/17
  4827 | D:5      | Noticed Pikel
  4854 | D:5      | Bought a book of Flames for 350 gold pieces
  5123 | D:5      | Killed Pikel
  5458 | D:5      | Found a runed door.
  5467 | D:5      | Learned a level 4 spell: Sticky Flame
  5471 | D:5      | Learned a level 3 spell: Conjure Flame
  5471 | D:5      | Noticed Crazy Yiuf
  5473 | D:5      | Killed Crazy Yiuf
  5740 | D:6      | Reached XP level 9. HP: 45/45 MP: 3/19
  5805 | D:6      | Noticed Eustachio
  5889 | D:6      | Killed Eustachio
  6161 | D:6      | Offered knowledge of Throw Frost by Vehumet.
  6565 | D:7      | Found a glowing golden altar of the Shining One.
  6752 | D:7      | Identified the Reference Book on Attacks and the Entourage
  7041 | D:7      | Reached ** piety under Vehumet
  7041 | D:7      | Reached skill level 1 in Fighting
  7130 | D:8      | Reached skill level 1 in Armour
  7429 | D:8      | Reached skill level 1 in Maces & Flails
  7522 | D:8      | Noticed Psyche
  7527 | D:8      | Killed Psyche
  7527 | D:8      | Reached skill level 1 in Evocations
  7598 | D:8      | Noticed Erica
  7742 | D:8      | Killed Erica
  7775 | D:8      | Reached XP level 10. HP: 53/53 MP: 18/21
  7809 | D:8      | Reached skill level 5 in Conjurations
  7867 | D:8      | Noticed Grum
  7889 | D:8      | Killed Grum
  8199 | D:8      | Found a blossoming altar of Fedhas.
  8219 | D:8      | Got a transparent leather armour
  8247 | D:8      | Identified the +0 leather armour of the Comet {rN+ Str-5 Int+4} (You found it on level 8 of the Dungeon)
  8270 | D:9      | Found a shattered altar of Ashenzari.
  8404 | D:9      | Offered knowledge of Static Discharge by Vehumet.
  8873 | D:9      | Reached *** piety under Vehumet
  8929 | D:9      | Found a roughly hewn altar of Beogh.
  9050 | D:9      | Found a hide-covered altar of Uskayaw.
  9050 | D:9      | Noticed an enchanted hand axe
  9051 | D:9      | Noticed a hand axe
  9284 | D:8      | Reached skill level 5 in Poison Magic
  9521 | D:9      | Offered knowledge of Fulminant Prism by Vehumet.
  9590 | D:9      | Noticed a centaur warrior
  9818 | D:9      | Got a pair of polished boots
  9826 | D:9      | Found a basalt altar of Yredelemnul.
 10118 | D:9      | Identified the +1 pair of boots of the First Hells {rPois Dex+5} (You found it on level 9 of the Dungeon)
 10191 | D:9      | Reached **** piety under Vehumet
 10293 | D:9      | Reached XP level 11. HP: 60/60 MP: 14/23
 10389 | D:9      | Got a fine great mace {venom}
 10392 | D:9      | Identified the +9 great mace of Yredelemnul's Envy {venom, rElec rPois} (You took it off an orc on level 9 of the Dungeon)
 10436 | D:9      | Reached skill level 5 in Fire Magic
 10442 | D:9      | Offered knowledge of Dazzling Spray by Vehumet.
 10461 | D:9      | Killed a centaur warrior
 10550 | D:9      | Found a staircase to the Lair.
 10792 | Lair:1   | Entered Level 1 of the Lair of Beasts
 10796 | Lair:1   | Found a labyrinth entrance.
 10812 | Lair:1   | Learned a level 5 spell: Fireball
 10816 | Lab      | Entered a labyrinth
 11441 | Lab      | Noticed a minotaur
 11447 | Lab      | Killed a minotaur
 11460 | Lab      | Identified a +4 rod of ignition (11/11) (You took it off a minotaur in a labyrinth)
 11463 | Lab      | Got a clouded platinum amulet
 11469 | Lab      | Got a shimmering scimitar
 11469 | Lab      | Got a twisted long sword
 11993 | Lair:1   | Reached ***** piety under Vehumet
 11993 | Lair:1   | Offered knowledge of Venom Bolt by Vehumet.
 12911 | Lair:1   | Identified the amulet "Aklavvax" {Spirit *Drain rElec Str-2 Dex+7} (You found it in a labyrinth)
 13199 | Lair:2   | Reached skill level 5 in Armour
 13209 | Lair:2   | Reached XP level 12. HP: 51/68 MP: 6/25
 13831 | Lair:3   | Found a hide-covered altar of Uskayaw.
 14128 | Lair:3   | Reached skill level 5 in Fighting
 14708 | Lair:3   | Reached skill level 5 in Maces & Flails
 14833 | Lair:3   | Noticed Harold
 14842 | Lair:3   | Killed Harold
 15105 | Lair:3   | Noticed a six-headed hydra
 15115 | Lair:3   | Killed a six-headed hydra
 15303 | Lair:3   | Found a staircase to the Swamp.
 15551 | Lair:3   | Noticed a four-headed hydra
 15556 | Lair:3   | Killed a four-headed hydra
 15900 | Lair:4   | Reached skill level 10 in Spellcasting
 15947 | Lair:4   | Reached skill level 5 in Evocations
 16112 | Lair:4   | Reached XP level 13. HP: 48/74 MP: 27/27
 16586 | Lair:4   | Reached skill level 5 in Dodging
 16733 | Lair:4   | Found a staircase to the Snake Pit.
 16786 | Lair:4   | Offered knowledge of Iskenderun's Battlesphere by Vehumet.
 16796 | Lair:4   | Learned a level 5 spell: Iskenderun's Battlesphere
 17747 | Lair:5   | Noticed Snorg
 17756 | Lair:5   | Killed Snorg
 17995 | Lair:5   | Noticed Urug
 18008 | Lair:5   | Killed Urug
 18368 | Lair:5   | Found a staircase to the Slime Pits.
 18368 | Lair:5   | Found a viscous altar of Jiyva.
 18392 | Lair:5   | Reached skill level 1 in Charms
 18813 | Lair:5   | Reached skill level 10 in Earth Magic
 19266 | Lair:5   | Gained mutation: Your large and strong wings let you fly indefinitely. [Gargoyle growth]
 19266 | Lair:5   | Reached XP level 14. HP: 59/80 MP: 22/28
 19753 | Lair:1   | Gained mutation: You have large cloven feet. [potion of beneficial mutation]
 19952 | Lair:6   | Entered Level 6 of the Lair of Beasts
 20225 | Lair:5   | HP: 3/82 [black mamba (3)]
 20269 | Lair:5   | Mangled by a seven-headed hydra

Vault maps used:
D:1:      evilmike_arrival_run_for_it, st_stairs_1, grunt_decor_arrowhead,
          minmay_pentomino_x4
D:2:      lemuel_doored_altar, first_bread, grunt_ministairs_5,
          minmay_small_reverse_x
D:3:      kennysheep_okawaru_gauntlet, lemuel_coloured_pillars_altar
D:4:      minmay_misc_feat_chi, hex_tiny, lemuel_statue_altar
D:5:      xom_teletrap_fun, serial_shops, shop, uniq_pikel,
          uniq_crazy_yiuf_cottage
D:6:      uniq_eustachio
D:7:      kennysheep_mini_moat, minivault_4
D:8:      kennysheep_mini, corexii_corridor_pit, uniq_erica, uniq_grum,
          uniq_psyche
D:9:      wad_guarded_room, lemuel_mausoleum_altar_yredelemnul,
          dancing_weapons_uskayaw, cheibrodos_ashenzari_chains, special_room
Temple:   minmay_temple_bridge_abc
Lair:1:   lab_entry_generic, lemuel_fruit_fields
Lair:2:   serial_bayou_shore_b, grunt_megastairs_4, serial_bayou_shore_b
Lair:3:   swamp_mist_pool, basic_altar, uniq_harold
Lair:4:   minmay_snake_entry_six_corridors, serial_bayou_shore_b
Lair:5:   slime_altar_1, beast_lair_carwin_11, uniq_urug, uniq_snorg
Lair:6:   hangedman_lair_tendril_chambers, kennysheep_basilisk_garden,
          infiniplex_staircase_pool_2
Lab:      labyrinth_mini_lab, nicolae_lab_dead_end, nicolae_lab_garden,
          lab_fountain, labyrinth_glass_1, lab_statue, nicolae_lab_starburst,
          nicolae_lab_swirl, labyrinth_skeletal_remains

Skill      XL: |  1  2  3  4  5  6  7  8  9 10 11 12 13 14 |
---------------+-------------------------------------------+-----
Earth Magic    | 4 5 6 7 8 9 10 | 10.3
Spellcasting   | 3 4 5 6 7 8 9 10 | 10.9
Poison Magic   | 1 2 3 4 5 6 7 8 |  8.1
Conjurations   | 1 2 4 5 6 7 8 |  8.4
Fire Magic     | 1 2 3 4 5 6 7 |  7.3
Fighting       | 2 3 4 5 6 7 |  7.1
Armour         | 2 3 5 6 7 |  7.0
Maces & Flails | 1 3 4 5 6 |  6.5
Dodging        | 2 3 4 5 |  5.6
Evocations     | 1 3 4 5 6 |  6.1
Charms         | 1 2 |  2.0
Stealth        | |  2.1
Transmutations | |  0.7

Action                   |  1- 3 |  4- 6 |  7- 9 | 10-12 | 13-15 || total
-------------------------+-------+-------+-------+-------+-------++-------
Melee: Whip              |       |    14 |    88 |    50 |       ||   152
       Dire flail        |       |       |       |    68 |       ||    68
       Great mace        |       |       |       |   179 |   157 ||   336
 Cast: Sandblast         |    65 |   122 |    94 |       |       ||   281
       Stone Arrow       |       |     4 |    65 |   232 |    63 ||   364
       Lee's Rapid Decon |       |       |     2 |    44 |    39 ||    85
       Ignite Poison     |       |       |       |    14 |    16 ||    30
       Conjure Flame     |       |       |       |     4 |       ||     4
       Sticky Flame      |       |       |       |       |    13 ||    13
       Iskenderun's Batt |       |       |       |       |     2 ||     2
 Abil: Fly               |       |       |       |       |     1 ||     1
  Use: Scroll            |       |       |     2 |    13 |     7 ||    22
       Potion            |       |       |       |       |     2 ||     2
 Stab: Sleeping          |       |       |     2 |     1 |     1 ||     4
  Eat: Chunk             |     1 |     6 |    15 |    23 |    12 ||    57
       Beef jerky        |       |       |     1 |       |       ||     1
       Meat ration       |       |       |       |     3 |     2 ||     5
       Pizza             |       |       |       |     1 |       ||     1
       Fruit             |       |       |       |     2 |       ||     2
Armor: Robe              |    15 |    20 |    64 |   261 |   138 ||   498
Dodge: Dodged            |    21 |    43 |    82 |   390 |   256 ||   792
